AoeStats
← Rey David

Four Lakes

508906003Analyzed
1v1 RM · 6d ago on Sep 24, 2026· 49m 9s· 2 players
Game mode
Random Map
Map size
Tiny (2 player)
Population
200
Speed
Normal
Resources
Standard
Victory
Conquest
Starting age
Dark Age
Ending age
Imperial Age
RankedLock teamsTeams togetherTeam positionsShared explorationLock speedFull tech treeHidden civsTurbo modeCheats
Victory
Defeat
🇦🇹 Danes · Austria
1024
+15
🇪🇨 Berbers · Ecuador
996
-15
Rey David
4:19 Loom
10:50 Feudal Age
20:52 Castle Age
19:39 Bloodlines
20:37 Double-Bit Axe
22:04 Medium Warships
24:04 Fletching
23:37 Light Cavalry
26:40 Padded Archer Armor
28:47 Husbandry
29:28 Bodkin Arrow
42:57 Imperial Age
43:45 Leather Archer Armor
44:15 Bracer
44:44 Kasbah
45:18 Ballistics
Streifenchilli
7:28 Loom
9:34 Feudal Age
10:58 Double-Bit Axe
13:22 Fishing Lines
17:10 Castle Age
15:47 Wheelbarrow
16:59 Gold Mining
18:59 Bow Saw
19:01 Horse Collar
21:03 Squires
22:56 Medium Warships
22:46 Gillnets
24:06 Town Watch
24:09 Arson
26:18 Hand Cart
27:11 Stone Mining
27:46 Gambesons
28:03 Scale Mail Armor
28:13 Forging
29:35 Stone Shaft Mining
36:14 Imperial Age
35:40 Chain Mail Armor
36:01 Iron Casting
37:23 Conscription
36:23 Hamask
39:00 Elite Varangian Guard
45:20 Gold Shaft Mining
45:22 Capped Ram
48:29 Ballistics
Connection lost

Rejoining the realm…

Still unreachable

The connection could not be restored.

Session expired

The server has moved on; the page needs a fresh start.